Map: Ascension to Aiur LE

Players

Bulya - Winner!

  • Race: Zerg Zerg
  • League: Diamond
  • Spawn Location: 11:00

Dutchkid

  • Race: Zerg Zerg
  • League: Diamond
  • Spawn Location: 5:00

VOD

Have the link to the VOD?

Description

Time

  • Played on: Aug. 12, 2017, 4:08 p.m.
  • Length: 14:45
Show
View Real Time Build Order
Export as new Build Order

Bulya Zerg - Winner!

Build Orders: Pool First, Lurkers, Zergling Baneling 

Get SALT Encoding   

  12  0:01  Drone  
  13  0:13  Overlord  
  13  0:17  Drone  
  14  0:32  Drone x2  
  17  0:35  Drone  
  17  0:39  Extractor  
  16  0:46  Drone  
  17  0:52  Spawning Pool  
  17  0:57  Drone  
  17  1:17  Hatchery  
  16  1:21  Drone  
  16  1:25  Drone  
  18  1:30  Drone  
  19  1:41  Queen  
  21  1:47  Metabolic Boost  
  21  1:54  Overlord  
  21  1:58  Drone  
  22  2:06  Baneling Nest  
  21  2:16  Queen  
  21  2:21  Zergling x2  
  24  2:25  Zergling x4  
  26  2:34  Zergling x4  
  28  2:41  Zergling x2  
  29  2:48  Zergling x2  
  30  2:51  Baneling x2  
  31  2:58  Zergling x8  
  34  3:14  Baneling  
  34  3:15  Baneling  
  34  3:21  Baneling x2  
  34  3:26  Overlord  
  34  3:28  Zergling x4  
  27  3:56  Drone x5  
  27  3:57  Drone x2  
  27  3:58  Zergling x8  
  27  4:01  Baneling  
  38  4:03  Baneling  
  37  4:15  Queen  
  37  4:21  Baneling  
  37  4:27  Queen  
  37  4:29  Drone x5  
  44  4:43  Hatchery  
  43  4:48  Drone  
  43  4:52  Baneling x2  
  43  5:10  Extractor  
  43  5:11  Drone  
  43  5:12  Overlord x2  
  43  5:19  Evolution Chamber x2  
  40  5:25  Zergling x8  
  40  5:28  Overlord x2  
  44  5:36  Drone x2  
  44  5:37  Drone  
  44  5:38  Drone x5  
  44  5:40  Baneling  
  44  5:41  Baneling x3  
  52  5:47  Baneling x3  
  46  6:26  Zerg Missile Weapons Level 1  
  46  6:27  Lair, Roach Warren  
  46  6:29  Drone x2  
  46  6:31  Drone  
  46  6:32  Extractor, Drone x2  
  49  6:36  Zergling x4  
  49  6:37  Zergling x10  
  49  6:39  Drone x3  
  59  6:41  Baneling  
  59  6:47  Baneling  
  59  6:48  Baneling x2  
  59  7:01  Drone x2  
  59  7:03  Drone  
  60  7:20  Baneling x3  
  60  7:30  Glial Reconstitution  
  60  7:33  Hydralisk Den  
  60  7:34  Extractor, Drone x3  
  60  7:37  Drone x6  
  62  7:38  Roach x5  
  77  7:47  Overlord x2  
  77  8:04  Queen, Lurker Den  
  79  8:10  Roach x5  
  89  8:13  Overlord x5  
  89  8:26  Zerg Missile Weapons Level 2  
  89  8:32  Extractor, Drone x3  
  92  8:34  Extractor, Drone x3  
  92  8:36  Drone x4  
  96  9:02  Hatchery  
  95  9:04  Hydralisk x7  
  109  9:19  Baneling x4  
  109  9:20  Baneling x3  
  109  9:28  Zergling x8  
  109  9:29  Zergling x2  
  114  9:31  Muscular Augments  
  114  9:32  Lurker  
  114  9:33  Lurker x2  
  114  9:36  Hatchery  
  116  9:41  Zergling x16  
  116  9:45  Zerg Melee Weapons Level 1  
  124  9:53  Overlord x2  
  123  10:10  Overlord x2  
  124  10:14  Lurker x3  
  124  10:15  Lurker  
  124  10:18  Zergling x14  
  123  10:45  Infestation Pit  
  123  10:47  Zerg Ground Armor Level 1  
  122  10:52  Queen  
  124  10:58  Roach x2  
  124  10:59  Roach x8  
  121  11:26  Hydralisk x3  
  121  11:27  Hydralisk x2  
  121  11:29  Roach x5  
  121  11:31  Hive  
  137  11:41  Zergling x10  
  137  11:43  Zerg Melee Weapons Level 2  
  142  11:53  Lurker x3  
  145  12:03  Zergling x2, Hydralisk x3  
  145  12:04  Zergling x10  
  145  12:06  Lurker  
  158  12:19  Zergling x2  
  158  12:20  Zergling x14  
  142  12:57  Hydralisk x15  
  168  13:15  Zergling x2  
  168  13:17  Overlord x3  
  159  13:21  Hatchery  
  125  13:38  Lurker x5  
  125  13:41  Zergling x26  
  137  13:54  Lurker x2  
  139  13:56  Zergling x12  
  139  13:57  Zergling x4  
  147  14:04  Roach x2  
Show
View Real Time Build Order
Export as new Build Order

Dutchkid Zerg 

Build Orders: Hatch First 

Get SALT Encoding   

  12  0:01  Drone  
  13  0:12  Overlord  
  13  0:17  Drone  
  14  0:30  Drone x2  
  14  0:35  Drone  
  17  0:51  Hatchery  
  17  0:55  Drone  
  17  1:08  Spawning Pool  
  17  1:10  Drone  
  17  1:14  Extractor  
  17  1:15  Drone  
  17  1:20  Drone  
  18  1:28  Drone  
  19  1:39  Overlord  
  19  1:50  Drone  
  20  1:55  Queen  
  20  2:00  Zergling x2  
  23  2:03  Queen  
  23  2:04  Zergling x2  
  26  2:14  Metabolic Boost  
  27  2:15  Drone x2  
  27  2:21  Drone  
  29  2:29  Drone  
  30  2:34  Overlord  
  30  2:41  Drone  
  30  2:43  Drone  
  32  2:54  Baneling Nest  
  32  2:55  Queen  
  32  2:57  Zergling x4  
  35  3:06  Evolution Chamber  
  35  3:10  Zergling x4  
  35  3:11  Zergling x6  
  39  3:24  Overlord x2  
  39  3:31  Spine Crawler  
  31  3:49  Drone x6  
  31  3:50  Drone x2  
  39  4:05  Hatchery  
  37  4:12  Drone  
  37  4:13  Drone x3  
  39  4:18  Zerg Missile Weapons Level 1  
  39  4:19  Roach Warren  
  37  4:28  Zergling x8  
  41  4:40  Zergling x4  
  41  4:41  Queen  
  41  4:43  Overlord  
  41  4:45  Zergling x2  
  46  4:47  Baneling  
  46  4:48  Baneling x5  
  46  4:49  Zergling x6  
  49  5:13  Roach x2  
  52  5:19  Queen  
  49  5:22  Zergling x10  
  49  5:23  Zergling x8  
  58  5:36  Extractor, Drone  
  58  5:38  Extractor  
  57  5:43  Drone x4  
  61  5:58  Evolution Chamber  
  55  6:05  Roach  
  55  6:06  Roach x3  
  56  6:20  Zergling x12  
  56  6:21  Zergling x6  
  65  6:29  Drone  
  65  6:30  Drone x4  
  70  6:38  Lair  
  70  6:48  Drone x2  
  70  6:49  Drone  
  70  6:50  Overlord x3  
  73  7:01  Hatchery  
  72  7:04  Queen  
  72  7:15  Roach x6  
  76  7:17  Zergling x2  
  76  7:18  Zergling x8  
  81  7:32  Drone x3  
  81  7:33  Drone x6  
  81  7:35  Glial Reconstitution  
  90  7:53  Overlord x4  
  90  7:56  Zerg Missile Weapons Level 2  
  90  8:00  Extractor  
  89  8:08  Zergling x2  
  89  8:11  Zergling x10  
  89  8:12  Zergling x4  
  97  8:22  Queen, Extractor  
  98  8:32  Roach  
  98  8:33  Roach x11  
  122  8:41  Hatchery, Drone  
  122  8:42  Overlord x2, Drone x2  
  122  8:43  Overlord x3  
  112  8:56  Roach x7  
  125  9:04  Drone  
  125  9:05  Drone x2  
  125  9:07  Pneumatized Carapace  
  128  9:10  Overseer  
  128  9:14  Roach  
  128  9:15  Roach  
  132  9:34  Extractor  
  132  9:35  Overlord x4  
  131  9:39  Hydralisk Den  
  131  9:40  Zerg Ground Armor Level 1  
  130  9:47  Zergling x20  
  130  9:48  Zergling x6  
  143  9:56  Drone x2  
  143  9:57  Drone  
  146  10:00  Drone  
  146  10:01  Drone x4  
  146  10:02  Drone  
  152  10:18  Drone x3  
  152  10:19  Drone x6  
  113  10:34  Roach  
  113  10:35  Roach x8  
  127  10:39  Ravager x6  
  127  10:40  Ravager x2  
  127  10:41  Ravager x2  
  137  10:46  Overseer  
  137  10:48  Overseer  
  137  10:59  Roach  
  137  11:00  Roach x7  
  118  11:18  Roach  
  118  11:19  Roach x10  
  118  11:24  Drone x9  
  141  11:30  Extractor  
  141  11:31  Extractor  
  141  11:32  Muscular Augments  
  139  11:35  Drone x5  
  144  11:49  Zerg Ground Armor Level 2  
  144  11:51  Zergling x2  
  144  11:52  Zergling x16  
  144  11:53  Zergling x2  
  154  12:00  Drone  
  154  12:01  Drone x2  
  157  12:02  Drone x2  
  159  12:14  Ravager x2  
  159  12:15  Ravager x3  
  161  12:17  Ravager  
  161  12:22  Ravager  
  163  12:24  Zergling x2  
  163  12:25  Zergling x34  
  163  12:26  Zergling x2  
  177  12:42  Roach  
  177  12:43  Roach x7  
  125  12:54  Hydralisk  
  125  12:55  Hydralisk x4  
  112  12:59  Drone  
  112  13:00  Drone x2  
  112  13:02  Drone  
  112  13:11  Spire  
  107  13:22  Roach x4  
  107  13:23  Roach  
  101  13:31  Queen  
  101  13:33  Hydralisk  
  95  13:34  Hydralisk  
  93  13:46  Queen, Extractor  
  93  13:48  Drone x5  
  98  13:54  Hydralisk x2  
  103  13:56  Hydralisk  
  105  14:15  Drone x3  
  108  14:19  Hydralisk  
  108  14:20  Hydralisk x3  
  116  14:24  Hatchery  
Tags
 
Add a new tag
Caveats
  • Supply blocks, unpowered buildings, or Contaminate may cause inaccurate times.
  • Supply counts are checked every 10 seconds.